 Dungeon Sprint DCSS version 0.24.0-123-gd5b16e6ec5 (webtiles) character file.

Game seed: 12135249413182636555, levelgen mode: deterministic

179 McKennaii the Skirmisher (level 5, 0/46 HPs)
             Began as a Demonspawn Fighter on Dec 23, 2019.
             Killed from afar by a deep elf mage (18 damage)
             ... with a stone arrow
             ... in the Dungeon (Sprint III: "The Ten Rune Challenge").
             The game lasted 00:02:35 (649 turns).

McKennaii the Skirmisher (Demonspawn Fighter)        Turns: 649, Time: 00:02:36

Health: 0/46       AC: 11    Str: 17    XL:     5   Next: 32%
Magic:  5/5        EV:  8    Int:  9    God:
Gold:   32         SH: 10    Dex: 15    Spells: 4/4 levels left

rFire    . . .     SeeInvis .   a - +0 long sword
rCold    . . .     Gourm    .   c - +0 shield
rNeg     . . .     Faith    .   b - +0 scale mail
rPois    .         Spirit   .   (no helmet)
rElec    .         Reflect  .   n - +1 cloak
rCorr    .         Harm     .   (no gloves)
MR       .....     NoTele   +   (no boots)
Stlth    ..........             (no amulet)
HPRegen  0.15/turn              (no ring)
MPRegen  0.09/turn              (no ring)

@: no status effects
A: hooves 1, thin metallic scales 1, agile 1, rot immunity
a: no special abilities


You were in the Dungeon.
You were not hungry.

You visited 1 branch You collected 32 gold pieces.

Inventory:

Hand Weapons
 a - a +0 long sword (weapon)
Armour
 b - a +0 scale mail (worn)
 c - a +0 shield (worn)
 n - a +1 cloak (worn)
Scrolls
 k - a scroll of blinking
 l - 4 scrolls of identify
 o - 2 scrolls of torment {unknown}
 p - 3 scrolls of remove curse
Potions
 d - a potion of might
 e - 2 potions of curing
 g - 2 potions of heal wounds
 h - a potion of haste
 i - 2 potions of magic
 j - a potion of berserk rage
 m - a potion of brilliance {unknown}
 q - 2 potions of flight {unknown}
 r - 3 potions of mutation
Comestibles
 f - 3 rations
 s - 4 chunks of flesh


   Skills:
 + Level 5.8 Fighting
 * Level 5.7 Long Blades
 + Level 5.3 Armour
 + Level 1.7 Dodging
 + Level 5.5 Shields


You had 4 spell levels left.
You didn't know any spells.
Your spell library contained the following spells:

 Spells                   Type           Power        Failure   Level  Hunger
 Confusing Touch          Hex            #.....       99%         1    ##.....
 Confuse                  Hex            #.......     100%        3    ####...
 Gell's Gravitas          Tloc           #.........   100%        3    ####...
 Petrify                  Tmut/Erth      #.......     100%        4    #####..
 Metabolic Englaciation   Hex/Ice        #.........   100%        5    ######.
 Yara's Violent Unravell  Hex/Tmut       #.........   100%        5    ######.


Dungeon Overview and Level Annotations

Branches:
Dungeon (1/1)

Altars:
Elyvilon
Kikubaaqudgha
Sif Muna
Vehumet
Zin
The Shining One


Innate Abilities, Weirdness & Mutations

You have large cloven feet.
You are partially covered in thin metallic scales. (AC +2)
You are immune to rotting.
You are agile. (Dex +2)


Message History

The deep elf mage is moderately wounded.
The deep elf mage barely misses you.
You closely miss the deep elf mage.
The deep elf mage is moderately wounded.
The deep elf mage gestures wildly while chanting.
The deep elf mage blinks!
The deep elf mage points at you and mumbles some strange words.
The bolt of magma hits you!!
You closely miss the deep elf mage. Your kick misses the deep elf mage.
The deep elf mage is moderately wounded.
The deep elf mage hits you with a +0 long sword of holy wrath.
You convulse.
You hit the deep elf mage. Your kick misses the deep elf mage.
The deep elf mage is moderately wounded.
The deep elf mage barely misses you.
You barely miss the deep elf mage. Your kick misses the deep elf mage.
The deep elf mage is moderately wounded.
The deep elf mage gestures at you while chanting.
The stone arrow hits you!!
You die...

▓▓▓▓▓▓▓ ▓▓▓ '...♣.♣♣
♣.##### #....♣.♣ ♣.#___#
#......♣ ♣.#...#
#....≈.♣ ♣.###'#+###+##
#...≈≈.♣♣♣♣.#..........#
#..≈≈≈≈♣.♣..'.⌠.@e.....#
#..≈≈≈≈≈≈♣♣.#...######+#
#.≈≈≈≈≈≈....#.⌠.#
#.≈≈≈≈≈.....#...#
#)≈≈≈.......#)###
#...........#.).#
............#___#
▓▓▓▓▓▓▓▓▓▓▓▓▓▓▓▓▓


You could see a deep elf mage.

Vanquished Creatures
  A water elemental (D)
  Crazy Yiuf (D)
  A wizard (D)
  Jessica (D)
  A human (D)
  A kobold demonologist (D)
  3 rats (D)
9 creatures vanquished.

Vanquished Creatures (others)
  2 draconian scorchers (D)
  6 hellions (D)
  2 yaktaurs (D)
  3 plants (D)
13 creatures vanquished.

Grand Total: 22 creatures vanquished

Notes
Turn   | Place    | Note
-------+----------+-------------------------------------------
     0 | D        | McKennaii the Demonspawn Fighter began the quest for the
                  | Orb.
     0 | D        | Reached XP level 1. HP: 18/18 MP: 1/1
    16 | D        | Noticed Jessica
    27 | D        | Killed Jessica
    27 | D        | Gained mutation: You have large cloven feet. [demonic
                  | ancestry]
    27 | D        | Reached XP level 2. HP: 19/25 MP: 2/2
    29 | D        | Killed a yaktaur
   105 | D        | Killed a hellion
   126 | D        | Reached XP level 3. HP: 22/31 MP: 3/3
   135 | D        | Killed a hellion
   158 | D        | Killed a hellion
   159 | D        | Killed a hellion
   161 | D        | Killed a hellion
   164 | D        | Killed a hellion
   181 | D        | Killed a white draconian scorcher
   203 | D        | Killed a white draconian scorcher
   210 | D        | Noticed Crazy Yiuf
   219 | D        | Killed Crazy Yiuf
   219 | D        | Gained mutation: You are immune to rotting. [demonic
                  | ancestry]
   219 | D        | Reached XP level 4. HP: 38/38 MP: 4/4
   237 | D        | Killed a yaktaur
   255 | D        | Gained mutation: You expend magic power (3 MP) to
                  | strengthen your wands. [potion of mutation]
   255 | D        | Gained mutation: Your muscles are strong. (Str +2) [potion
                  | of mutation]
   256 | D        | Lost mutation: You expend magic power (3 MP) to strengthen
                  | your wands. [potion of mutation]
   256 | D        | Lost mutation: Your muscles are strong. (Str +2) [potion of
                  | mutation]
   256 | D        | Gained mutation: You are dopey. (Int -2) [potion of
                  | mutation]
   256 | D        | Gained mutation: You are weak. (Str -2) [potion of
                  | mutation]
   256 | D        | Gained mutation: You are covered in fur. (AC +1) [potion of
                  | mutation]
   257 | D        | Lost mutation: You are weak. (Str -2) [potion of mutation]
   257 | D        | Lost mutation: You are dopey. (Int -2) [potion of mutation]
   257 | D        | Lost mutation: You are covered in fur. (AC +1) [potion of
                  | mutation]
   257 | D        | Gained mutation: You are partially covered in thin metallic
                  | scales. (AC +2) [potion of mutation]
   257 | D        | Gained mutation: You are agile. (Dex +2) [potion of
                  | mutation]
   384 | D        | Noticed a water elemental
   390 | D        | Killed a water elemental
   390 | D        | Reached skill level 5 in Fighting
   390 | D        | Reached skill level 5 in Long Blades
   390 | D        | Reached skill level 5 in Armour
   390 | D        | Reached skill level 1 in Dodging
   390 | D        | Reached skill level 5 in Shields
   577 | D        | Found a radiant altar of Vehumet.
   577 | D        | Noticed a wizard
   579 | D        | Killed a wizard
   579 | D        | Mutation became permanent: You are partially covered in
                  | thin metallic scales. (AC +2) [demonic ancestry]
   579 | D        | Gained mutation: You are partially covered in thin metallic
                  | scales. (AC +2) [demonic ancestry]
   579 | D        | Reached XP level 5. HP: 46/46 MP: 5/5
   580 | D        | Found a shimmering blue altar of Sif Muna.
   580 | D        | Found an ancient bone altar of Kikubaaqudgha.
   633 | D        | Found a glowing silver altar of Zin.
   633 | D        | Found a glowing golden altar of the Shining One.
   633 | D        | Found a white marble altar of Elyvilon.
   634 | D        | Noticed a deep elf mage
   649 | D        | Killed from afar by a deep elf mage

Levels and vault maps discovered:
D:        dungeon_sprint_mu [sprint_mu_entry_forest, sprint_mu_temple_rooms,
          sprint_mu_d1_spiders, sprint_mu_d2_genie, sprint_mu_d3_branching,
          sprint_mu_orc_legion, sprint_mu_elf_gauntlet, sprint_mu_hive_nellie,
          sprint_mu_lair_fedhas, sprint_mu_vaults_butterflies,
          sprint_mu_slime_circle, sprint_mu_swamp_cave, sprint_mu_shoals_archi,
          sprint_mu_blade_basic, sprint_mu_crypt_lich, sprint_mu_tomb_spiral,
          sprint_mu_vestibule_basic, sprint_mu_gehenna_hellfire,
          sprint_mu_dis_giant, sprint_mu_tartarus_statrot,
          sprint_mu_cocytus_islands, sprint_mu_zot1]

Skill      XL: |  1  2  3  4 |
---------------+-------------+-----
Long Blades    | 3 4 5 |  5.7
Fighting       | 4 5 |  5.8
Armour         | 3 4 5 |  5.3
Shields        | 3 4 5 |  5.5
Dodging        | 1 |  1.7

Action                   |  1- 3 |  4- 6 || total
-------------------------+-------+-------++-------
Melee: Long sword        |    25 |    28 ||    53
       Kick              |     5 |     8 ||    13
  Use: Potion            |       |     3 ||     3
Armor: Scale mail        |    12 |     3 ||    15
Dodge: Dodged            |     8 |     8 ||    16
Block: Shield            |    18 |    15 ||    33
       Rpst.: Long sword |     4 |     4 ||     8
